Firebirds vs Gulls
Created - November 21, 2025 at 23:59
Goals
|
| Firebirds |
0 |
1 |
1 |
2 |
| Gulls |
1 |
2 |
2 |
5 |
|
Shots
|
| Firebirds |
12 |
14 |
10 |
36 |
| Gulls |
11 |
6 |
16 |
33 |
|
1st period
1. Gulls , Mikhail Maltsev 3 (Drew Helleson 1) at 13:15
Penalties :
Pavel Dorofeyev (S.D) for Slashing (Minor) at 1:02, Luke Kunin (S.D) for Hooking (Minor) at 17:12
2nd period
2. Gulls , Troy Terry 9 (Luke Kunin 4) at 7:29
3. Gulls , Seth Jarvis 5 (Drew Helleson 2) at 12:25
4. Firebirds , Garret Pilon 2 (Connor Clifton 3, Fredrik Olofsson 3) at 15:40
Penalties :
Thomas Spelling (Coa) for Slashing (Minor) at 0:36, Mikhail Maltsev (S.D) for Roughing (Minor) at 1:03, Zack MacEwen (S.D) for Holding Stick (Minor) at 9:46, Pavel Dorofeyev (S.D) for Interference (Minor) at 13:09, Markus Niemelainen (S.D) for Delaying the game (Minor) at 16:38
3rd period
5. Gulls , Troy Terry 10 (Jack Glover 4) at 10:24
6. Firebirds , Rostislav Olesz 6 (Jacob Bryson 3, Thomas Spelling 8) at 16:39
7. Gulls , Luke Kunin 7 (Mikhail Maltsev 10) at 17:14
Penalties :
Zack MacEwen (S.D) for Boarding (Minor) at 4:37, Markus Niemelainen (S.D) for High sticking (Minor) at 19:59
Goalie Stats
Cayden Primeau (Coa), 28 saves from 33 shots - (0.848), L, 5-1-0, 60:00 minutes
Thomas McCollum (S.D), 34 saves from 36 shots - (0.944), W, 4-3-1, 60:00 minutes
Players Stats for Firebirds
Player Name G A P +/- PIM S H SB GA TA FO MP PP MP PK MP
------------------------------------------------------------------------------------
0 0 0 0 0 0 0 0 0 0 0/0 0:00 0:00 0:00
0 0 0 0 0 0 0 0 0 0 0/0 0:00 0:00 0:00
0 0 0 0 0 0 0 0 0 0 0/0 0:00 0:00 0:00
0 0 0 0 0 0 0 0 0 0 0/0 0:00 0:00 0:00
0 0 0 0 0 0 0 0 0 0 0/0 0:00 0:00 0:00
0 0 0 0 0 0 0 0 0 0 0/0 0:00 0:00 0:00
0 0 0 0 0 0 0 0 0 0 0/0 0:00 0:00 0:00
Alex Henriksson 0 0 0 -1 0 0 2 0 0 0 0/0 8:25 0:00 0:00
Connor Clifton 0 1 1 2 0 0 1 4 1 2 0/0 20:51 4:30 0:00
Dylan Coghlan 0 0 0 -2 0 0 1 2 1 0 0/0 25:36 4:22 0:04
Eric Robinson 0 0 0 0 0 4 3 0 0 0 0/0 17:25 5:57 0:00
Fredrik Olofsson 0 1 1 -1 0 2 1 0 0 0 1/1 11:32 0:00 0:08
Garret Pilon 1 0 1 -1 0 2 1 0 1 0 5/9 11:24 0:00 0:00
Jacob Bryson 0 1 1 2 0 0 0 0 1 0 0/0 15:45 0:43 0:00
Jacob De La Rose 0 0 0 -1 0 3 3 0 0 0 16/32 22:58 6:03 0:19
Jakub Zboril 0 0 0 -3 0 1 1 1 0 1 0/0 27:41 6:57 0:04
Jared McCann 0 0 0 0 0 4 1 0 3 0 8/16 17:13 6:18 0:08
Jasper Weatherby 0 0 0 -1 0 1 0 1 0 0 0/4 7:58 0:00 0:00
Mac Hollowell 0 0 0 -2 0 0 1 0 0 0 0/0 10:53 0:19 0:23
Maksim Sushko 0 0 0 -1 0 0 1 2 1 0 0/0 11:24 0:00 0:00
Matej Blumel 0 0 0 -1 0 1 0 0 0 0 0/0 7:58 0:00 0:00
Rostislav Olesz 1 0 1 -1 0 5 2 0 1 1 0/1 21:54 6:18 0:19
Thomas Spelling 0 1 1 -1 2 3 2 0 2 0 2/3 21:13 6:24 0:00
Victor Mete 0 0 0 -3 0 6 0 0 0 1 0/0 19:14 7:51 0:23
Wade Allison 0 0 0 0 0 4 1 0 0 0 1/3 18:36 6:03 0:00
Players Stats for Gulls
Player Name G A P +/- PIM S H SB GA TA FO MP PP MP PK MP
------------------------------------------------------------------------------------
0 0 0 0 0 0 0 0 0 0 0/0 0:00 0:00 0:00
0 0 0 0 0 0 0 0 0 0 0/0 0:00 0:00 0:00
0 0 0 0 0 0 0 0 0 0 0/0 0:00 0:00 0:00
Calvin Thurkauf 0 0 0 0 0 3 2 0 0 1 3/7 17:21 0:00 4:26
Damien Giroux 0 0 0 0 0 0 1 0 0 0 1/4 6:29 0:00 0:00
Drew Helleson 0 2 2 3 0 0 0 1 0 1 0/0 8:30 0:00 0:00
Emil Heineman 0 0 0 0 0 0 2 0 0 0 0/0 8:07 0:00 1:15
Henri Ikonen 0 0 0 0 0 3 1 0 0 0 0/1 12:31 0:00 0:00
Jack Glover 0 1 1 2 0 2 1 2 1 1 0/0 27:53 0:27 8:00
Luke Kunin 1 1 2 3 2 1 2 0 1 1 16/29 19:57 0:27 3:46
MacKenzie Entwistle 0 0 0 0 0 0 0 0 0 0 0/0 0:49 0:00 0:00
Markus Niemelainen 0 0 0 3 4 0 0 2 0 0 0/0 9:50 0:00 0:00
Mason Lohrei 0 0 0 0 0 0 1 0 0 1 0/0 4:26 0:00 0:00
Massimo Rizzo 0 0 0 0 0 0 0 0 0 0 0/0 0:33 0:00 0:03
Mikhail Maltsev 1 1 2 3 2 5 1 1 0 2 2/4 23:23 0:26 6:22
Mikko Vainonen 0 0 0 2 0 1 0 3 0 0 0/0 27:53 0:27 8:00
Nick Merkley 0 0 0 0 0 1 1 0 0 0 1/2 12:31 0:00 0:00
Pavel Dorofeyev 0 0 0 0 4 1 0 1 0 2 0/0 11:30 0:00 1:08
Quinton Byfield 0 0 0 0 0 1 3 0 0 0 5/9 10:30 0:00 0:55
Ryan Collins 0 0 0 -2 0 0 1 0 0 1 0/0 19:11 0:00 4:21
Seth Jarvis 1 0 1 0 0 3 2 0 0 0 0/0 6:29 0:00 0:00
Tarmo Reunanen 0 0 0 -2 0 0 2 1 3 0 0/0 19:11 0:00 4:21
Troy Terry 2 0 2 3 0 7 1 0 0 1 8/13 24:57 0:27 6:47
William Wallinder 0 0 0 0 0 0 0 0 0 0 0/0 4:26 0:00 0:00
Zack MacEwen 0 0 0 0 4 5 1 0 0 0 0/0 9:31 0:00 0:00
3 Stars
1 - Troy Terry (S.D)
2 - Luke Kunin (S.D)
3 - Mikhail Maltsev (S.D)
Power Play
Firebirds - 0 on 9 Attempt(s) - 0.00%
Gulls - 0 on 1 Attempt(s) - 0.00%
Penalty Kill
Firebirds - 1 on 1 Attempt(s) - 100.00%
- Score 0 goal in Penalty Kill
Gulls - 9 on 9 Attempt(s) - 100.00%
- Score 0 goal in Penalty Kill
Team Stat
Firebirds - Hits : 21 - Faceoff Wins : 33 - Blocked Shots : 10 - Penalty Minutes : 2
Gulls - Hits : 22 - Faceoff Wins : 36 - Blocked Shots : 11 - Penalty Minutes : 16
Official
Referees : Francois St. Laurent and Jon McIsaac
Linesman : Vaughan Rody and Brandon Gawryletz
Game Notes
13:00 of 1st period - Penalty Shot by Mikhail Maltsev for Gulls - Stopped by Cayden Primeau
Finance
Level 1 -- Attendance: 1874 (93.70%) -- Ticket Income $131,180
Level 2 -- Attendance: 866 (86.60%) -- Ticket Income $34,640
Total Attendance: 2740 (91.33%)
Total Ticket Income: $165,820
Other Income: $8,291
Total Income: $174,111
Firebirds
5 vs 5 Forward
Center Left Wing Right Wing Time % Phy DF OF
1 Jacob De La Rose Rostislav Olesz Thomas Spelling 40 0 2 3
2 Jared McCann Eric Robinson Wade Allison 30 0 2 3
3 Garret Pilon Fredrik Olofsson Maksim Sushko 20 0 2 3
4 Jasper Weatherby Alex Henriksson Matej Blumel 10 0 2 3
5 vs 5 Defense
Defense Defense Time % Phy DF OF
1 Jakub Zboril Dylan Coghlan 40 1 2 2
2 Victor Mete Mac Hollowell 30 1 2 2
3 Jacob Bryson Connor Clifton 20 1 2 2
4 Jacob Bryson Connor Clifton 10 1 2 2
PowerPlay Forward
Center Left Wing Right Wing Time % Phy DF OF
1 Jared McCann Rostislav Olesz Thomas Spelling 55 0 1 4
2 Jacob De La Rose Eric Robinson Wade Allison 45 0 1 4
PowerPlay Defense
Defense Defense Time % Phy DF OF
1 Jakub Zboril Victor Mete 55 0 1 4
2 Dylan Coghlan Connor Clifton 45 0 1 4
Penalty Kill 4 Players Forward
Center Wing Time % Phy DF OF
1 Jacob De La Rose Rostislav Olesz 55 1 4 0
2 Jared McCann Fredrik Olofsson 45 1 4 0
Penalty Kill 4 Players Defense
Defense Defense Time % Phy DF OF
1 Jakub Zboril Dylan Coghlan 55 1 4 0
2 Victor Mete Mac Hollowell 45 1 4 0
Penalty Kill - 3 Players Forward
Forward Time % Phy DF OF
1 Jasper Weatherby 55 1 4 0
2 Garret Pilon 45 1 4 0
Penalty Kill - 3 Players Defense
Defense Defense Time % Phy DF OF
1 Victor Mete Mac Hollowell 55 1 4 0
2 Jacob Bryson Connor Clifton 45 1 4 0
4 vs 4 Forward
Center Wing Time % Phy DF OF
1 Jacob De La Rose Wade Allison 55 1 2 2
2 Rostislav Olesz Alex Henriksson 45 1 2 2
4 vs 4 Defense
Defense Defense Time % Phy DF OF
1 Jakub Zboril Dylan Coghlan 55 1 2 2
2 Victor Mete Mac Hollowell 45 1 2 2
Last Minutes Offensive
Center Left Wing Right Wing Defense Defense
Jared McCann Rostislav Olesz Wade Allison Jakub Zboril Dylan Coghlan
Last Minutes Defensive
Center Left Wing Right Wing Defense Defense
Jacob De La Rose Fredrik Olofsson Thomas Spelling Dylan Coghlan Mac Hollowell
Goaltenders
Starting : Cayden Primeau
Backup : Magnus Hellberg
Extra Forwards
Normal : Eric Robinson, Fredrik Olofsson, Alex Henriksson - PP : Fredrik Olofsson, Maksim Sushko - PK : Alex Henriksson
Extra Defensemen
Normal : Jacob Bryson, Connor Clifton, Victor Mete - PP : Jacob Bryson - PK : Connor Clifton, Victor Mete
Penalty Shots
Jacob De La Rose, Jared McCann, Rostislav Olesz, Eric Robinson, Thomas Spelling
Custom OT Lines Forwards
Jacob De La Rose, Jared McCann, Rostislav Olesz, Eric Robinson, Thomas Spelling, Maksim Sushko, Fredrik Olofsson, Alex Henriksson, Garret Pilon, Wade Allison
Custom OT Lines Defensemen
Jakub Zboril, Dylan Coghlan, Victor Mete, Mac Hollowell, Jacob Bryson
Scratches
Sasha Chmelevski (Healthy), Emil Andrae (Healthy), Helge Grans (Healthy), Thomas Bordeleau (Healthy), Jacob Middleton (Healthy)
Kyle Capobianco (Healthy), Matthew Kiersted (Healthy), Kristians Rubins (Healthy), Reid Boucher (Healthy), Jonah Gadjovich (Healthy)
Parker Kelly (Healthy), Artur Kayumov (Healthy), Stelio Mattheos (Healthy), Nikita Alexandrov (Healthy), Valentin Nussbaumer (Healthy)
Maxence Guenette (Healthy), Bobby Brink (Healthy), Jakub Skarek (Healthy)
Gulls
5 vs 5 Forward
Center Left Wing Right Wing Time % Phy DF OF
1 Luke Kunin Mikhail Maltsev Troy Terry 40 1 2 2
2 Calvin Thurkauf Henri Ikonen Nick Merkley 30 1 2 2
3 Quinton Byfield Pavel Dorofeyev Zack MacEwen 20 1 2 2
4 Damien Giroux Emil Heineman Seth Jarvis 10 1 2 2
5 vs 5 Defense
Defense Defense Time % Phy DF OF
1 Mikko Vainonen Jack Glover 40 1 2 2
2 Tarmo Reunanen Ryan Collins 30 1 2 2
3 Markus Niemelainen Drew Helleson 20 1 2 2
4 Mason Lohrei William Wallinder 10 1 2 2
PowerPlay Forward
Center Left Wing Right Wing Time % Phy DF OF
1 Luke Kunin Mikhail Maltsev Troy Terry 60 1 2 2
2 Calvin Thurkauf Henri Ikonen Nick Merkley 40 1 2 2
PowerPlay Defense
Defense Defense Time % Phy DF OF
1 Mikko Vainonen Jack Glover 60 1 2 2
2 Tarmo Reunanen Ryan Collins 40 1 2 2
Penalty Kill 4 Players Forward
Center Wing Time % Phy DF OF
1 Troy Terry Mikhail Maltsev 60 1 2 2
2 Luke Kunin Calvin Thurkauf 40 1 2 2
Penalty Kill 4 Players Defense
Defense Defense Time % Phy DF OF
1 Mikko Vainonen Jack Glover 60 1 2 2
2 Tarmo Reunanen Ryan Collins 40 1 2 2
Penalty Kill - 3 Players Forward
Forward Time % Phy DF OF
1 Troy Terry 60 1 2 2
2 Mikhail Maltsev 40 1 2 2
Penalty Kill - 3 Players Defense
Defense Defense Time % Phy DF OF
1 Mikko Vainonen Jack Glover 60 1 2 2
2 Tarmo Reunanen Ryan Collins 40 1 2 2
4 vs 4 Forward
Center Wing Time % Phy DF OF
1 Troy Terry Mikhail Maltsev 60 1 2 2
2 Luke Kunin Calvin Thurkauf 40 1 2 2
4 vs 4 Defense
Defense Defense Time % Phy DF OF
1 Mikko Vainonen Jack Glover 60 1 2 2
2 Tarmo Reunanen Ryan Collins 40 1 2 2
Last Minutes Offensive
Center Left Wing Right Wing Defense Defense
Luke Kunin Mikhail Maltsev Troy Terry Mikko Vainonen Jack Glover
Last Minutes Defensive
Center Left Wing Right Wing Defense Defense
Luke Kunin Mikhail Maltsev Troy Terry Mikko Vainonen Jack Glover
Goaltenders
Starting : Thomas McCollum
Backup : Mads Sogaard
Extra Forwards
Normal : MacKenzie Entwistle, Massimo Rizzo, Pavel Dorofeyev - PP : MacKenzie Entwistle, Massimo Rizzo - PK : Pavel Dorofeyev
Extra Defensemen
Normal : Markus Niemelainen, Drew Helleson, Mason Lohrei - PP : Markus Niemelainen - PK : Drew Helleson, Mason Lohrei
Penalty Shots
Troy Terry, Mikhail Maltsev, Luke Kunin, Calvin Thurkauf, Henri Ikonen
Custom OT Lines Forwards
Troy Terry, Mikhail Maltsev, Luke Kunin, Calvin Thurkauf, Henri Ikonen, Nick Merkley, Pavel Dorofeyev, Zack MacEwen, Seth Jarvis, MacKenzie Entwistle
Custom OT Lines Defensemen
Mikko Vainonen, Jack Glover, Tarmo Reunanen, Ryan Collins, Markus Niemelainen
Scratches
Francis Perron (Back Surgery Injury), Matt Grzelcyk (Sprained Left Finger Injury), Yaroslav Askarov (Healthy)
% Time on Ice - Firebirds
Lines # - Real PCT - Wanted PCT - Time Play
Normal Forward
1 - 32% - 40% - 14:50
2 - 25% - 30% - 11:28
3 - 25% - 20% - 11:24
4 - 17% - 10% - 7:58
Normal Defense
1 - 43% - 40% - 19:47
2 - 31% - 30% - 14:16
3 - 19% - 20% - 8:39
4 - 6% - 10% - 2:58
PP Forward
1 - 52% - 55% - 6:24
2 - 48% - 45% - 5:57
PP Defense
1 - 61% - 55% - 7:32
2 - 39% - 45% - 4:49
PK Forward
1 - 70% - 55% - 0:19
2 - 30% - 45% - 0:08
PK Defense
1 - 15% - 55% - 0:04
2 - 85% - 45% - 0:23
PK3 Forward
1 - 0% - 55%
2 - 0% - 45%
PK3 Defense
1 - 0% - 55%
2 - 0% - 45%
44 Forward
1 - 71% - 55% - 1:05
2 - 29% - 45% - 0:27
44 Defense
1 - 91% - 55% - 1:24
2 - 9% - 45% - 0:08
Last Minute Offensive - 0:00
Last Minute Defensive - 0:00
Total
Forward - 60:00
Defense - 60:00
|
% Time on Ice - Gulls
Lines # - Real PCT - Wanted PCT - Time Play
Normal Forward
1 - 37% - 40% - 16:50
2 - 28% - 30% - 12:55
3 - 21% - 20% - 9:26
4 - 14% - 10% - 6:29
Normal Defense
1 - 41% - 40% - 18:37
2 - 31% - 30% - 14:07
3 - 19% - 20% - 8:30
4 - 10% - 10% - 4:26
PP Forward
1 - 100% - 60% - 0:27
2 - 0% - 40% - 0:00
PP Defense
1 - 100% - 60% - 0:27
2 - 0% - 40% - 0:00
PK Forward
1 - 64% - 60% - 7:55
2 - 36% - 40% - 4:26
PK Defense
1 - 65% - 60% - 8:00
2 - 35% - 40% - 4:21
PK3 Forward
1 - 0% - 60%
2 - 0% - 40%
PK3 Defense
1 - 0% - 60%
2 - 0% - 40%
44 Forward
1 - 100% - 60% - 1:32
2 - 0% - 40% - 0:00
44 Defense
1 - 53% - 60% - 0:49
2 - 47% - 40% - 0:43
Last Minute Offensive - 0:00
Last Minute Defensive - 0:00
Total
Forward - 60:00
Defense - 60:00
|
Play-by-Play
1st period
0:01 of 1st period - Luke Kunin wins face-off versus Jacob De La Rose in neutral zone.
0:06 of 1st period - Slapshot by Troy Terry.
0:06 of 1st period - Stopped by Cayden Primeau without a rebound.
0:07 of 1st period - Jacob De La Rose wins face-off versus Luke Kunin in Firebirds zone.
0:40 of 1st period - Snap shot by Eric Robinson.
0:40 of 1st period - Stopped by Thomas McCollum without a rebound.
0:41 of 1st period - Fredrik Olofsson wins face-off versus Quinton Byfield in Gulls zone.
1:02 of 1st period - Minor Penalty to Pavel Dorofeyev for Slashing.
1:03 of 1st period - Jared McCann wins face-off versus Troy Terry in Gulls zone.
2:22 of 1st period - Snap shot by Luke Kunin.
2:22 of 1st period - Shot Blocked by Jakub Zboril.
3:02 of 1st period - Penalty to Pavel Dorofeyev is over, Pavel Dorofeyev is back on ice.
4:16 of 1st period - Icing by William Wallinder.
4:17 of 1st period - Quinton Byfield wins face-off versus Jared McCann in Gulls zone.
4:25 of 1st period - Off-side.
4:26 of 1st period - Jacob De La Rose wins face-off versus Luke Kunin in neutral zone.
4:37 of 1st period - Slapshot by Thomas Spelling.
4:37 of 1st period - Stopped by Thomas McCollum without a rebound.
4:38 of 1st period - Luke Kunin wins face-off versus Jacob De La Rose in Gulls zone.
4:43 of 1st period - Thomas Spelling is hit by Luke Kunin and loses puck.
4:48 of 1st period - Wrist shot by Troy Terry.
4:48 of 1st period - Shot Misses the Net.
4:50 of 1st period - Snap shot by Luke Kunin.
4:50 of 1st period - Shot Blocked by Connor Clifton.
4:52 of 1st period - Wrist shot by Troy Terry.
4:52 of 1st period - Stopped by Cayden Primeau with a rebound.
4:54 of 1st period - Slapshot by Mikhail Maltsev.
4:54 of 1st period - Stopped by Cayden Primeau with a rebound.
5:04 of 1st period - Jacob De La Rose is hit by Seth Jarvis and loses puck.
5:09 of 1st period - Snap shot by Seth Jarvis.
5:09 of 1st period - Stopped by Cayden Primeau without a rebound.
5:10 of 1st period - Jared McCann wins face-off versus Damien Giroux in Firebirds zone.
6:15 of 1st period - Mikko Vainonen is hit by Alex Henriksson and loses puck.
6:20 of 1st period - Snap shot by Alex Henriksson.
6:20 of 1st period - Shot Blocked by Mikko Vainonen.
7:01 of 1st period - Snap shot by Luke Kunin.
7:01 of 1st period - Shot Misses the Net.
7:38 of 1st period - Luke Kunin is hit by Eric Robinson and loses puck.
7:43 of 1st period - Wrist shot by Wade Allison.
7:43 of 1st period - Shot Blocked by Markus Niemelainen.
7:45 of 1st period - Slapshot by Wade Allison.
7:45 of 1st period - Stopped by Thomas McCollum without a rebound.
7:46 of 1st period - Jacob De La Rose wins face-off versus Calvin Thurkauf in Gulls zone.
7:47 of 1st period - Wrist shot by Thomas Spelling.
7:47 of 1st period - Shot Misses the Net.
8:20 of 1st period - Eric Robinson is hit by Quinton Byfield and loses puck.
9:05 of 1st period - Slapshot by Matej Blumel.
9:05 of 1st period - Stopped by Thomas McCollum without a rebound.
9:06 of 1st period - Jacob De La Rose wins face-off versus Calvin Thurkauf in Gulls zone.
9:25 of 1st period - Rostislav Olesz is hit by Calvin Thurkauf and loses puck.
9:38 of 1st period - Wade Allison is hit by Jack Glover and loses puck.
9:47 of 1st period - Snap shot by Jared McCann.
9:47 of 1st period - Stopped by Thomas McCollum with a rebound.
9:49 of 1st period - Slapshot by Victor Mete.
9:49 of 1st period - Stopped by Thomas McCollum without a rebound.
9:50 of 1st period - Garret Pilon wins face-off versus Quinton Byfield in Gulls zone.
9:57 of 1st period - Snap shot by Garret Pilon.
9:57 of 1st period - Shot Misses the Net.
9:59 of 1st period - Snap shot by Garret Pilon.
9:59 of 1st period - Shot Blocked by Markus Niemelainen.
10:03 of 1st period - Wrist shot by Garret Pilon.
10:03 of 1st period - Deflect By Fredrik Olofsson.
10:03 of 1st period - Stopped by Thomas McCollum with a rebound.
10:24 of 1st period - Backhand shot by Zack MacEwen.
10:24 of 1st period - Stopped by Cayden Primeau without a rebound.
10:25 of 1st period - Luke Kunin wins face-off versus Jacob De La Rose in Firebirds zone.
10:58 of 1st period - Off-side.
10:59 of 1st period - Jacob De La Rose wins face-off versus Luke Kunin in neutral zone.
11:04 of 1st period - Slapshot by Rostislav Olesz.
11:04 of 1st period - Stopped by Thomas McCollum without a rebound.
11:05 of 1st period - Luke Kunin wins face-off versus Jacob De La Rose in Gulls zone.
11:30 of 1st period - Calvin Thurkauf is hit by Wade Allison and loses puck.
11:35 of 1st period - Wrist shot by Eric Robinson.
11:35 of 1st period - Stopped by Thomas McCollum without a rebound.
11:36 of 1st period - Jared McCann wins face-off versus Calvin Thurkauf in Gulls zone.
11:37 of 1st period - Snap shot by Wade Allison.
11:37 of 1st period - Stopped by Thomas McCollum without a rebound.
11:38 of 1st period - Calvin Thurkauf wins face-off versus Jared McCann in Gulls zone.
11:43 of 1st period - Wrist shot by Henri Ikonen.
11:43 of 1st period - Shot Blocked by Connor Clifton.
11:45 of 1st period - Wrist shot by Henri Ikonen.
11:45 of 1st period - Deflect By Nick Merkley.
11:45 of 1st period - Shot Blocked by Connor Clifton.
11:45 of 1st period - Puck is out of play.
11:46 of 1st period - Jared McCann wins face-off versus Henri Ikonen in Firebirds zone.
12:07 of 1st period - Snap shot by Jared McCann.
12:07 of 1st period - Stopped by Thomas McCollum without a rebound.
12:08 of 1st period - Luke Kunin wins face-off versus Jacob De La Rose in Gulls zone.
12:35 of 1st period - Nick Merkley is hit by Eric Robinson.
12:45 of 1st period - Slapshot by Jared McCann.
12:45 of 1st period - Shot Blocked by Jack Glover.
12:47 of 1st period - Snap shot by Jared McCann.
12:47 of 1st period - Deflect By Eric Robinson.
12:47 of 1st period - Shot Misses the Net.
12:47 of 1st period - Puck is out of play.
12:48 of 1st period - Garret Pilon wins face-off versus Luke Kunin in Gulls zone.
12:53 of 1st period - Wrist shot by Garret Pilon.
12:53 of 1st period - Deflect By Maksim Sushko.
12:53 of 1st period - Shot Blocked by Drew Helleson.
12:53 of 1st period - Puck is out of play.
12:54 of 1st period - Garret Pilon wins face-off versus Luke Kunin in Gulls zone.
13:00 of 1st period - Penalty Shot by Mikhail Maltsev for Gulls.
13:00 of 1st period - Deke by Mikhail Maltsev.
13:00 of 1st period - Stopped by Cayden Primeau.
13:01 of 1st period - Jacob De La Rose wins face-off versus Mikhail Maltsev in Gulls zone.
13:15 of 1st period - Backhand shot by Mikhail Maltsev.
13:15 of 1st period - Goal by Mikhail Maltsev - Firebirds : 0 - Gulls : 1.
13:16 of 1st period - Thomas Spelling wins face-off versus Luke Kunin in neutral zone.
13:54 of 1st period - Snap shot by Henri Ikonen.
13:54 of 1st period - Shot Blocked by Dylan Coghlan.
13:56 of 1st period - Snap shot by Calvin Thurkauf.
13:56 of 1st period - Stopped by Cayden Primeau without a rebound.
13:57 of 1st period - Quinton Byfield wins face-off versus Garret Pilon in Firebirds zone.
14:22 of 1st period - Mikko Vainonen is hit by Rostislav Olesz and loses puck.
15:13 of 1st period - Icing by Connor Clifton.
15:14 of 1st period - Calvin Thurkauf wins face-off versus Jasper Weatherby in Firebirds zone.
15:37 of 1st period - Slapshot by Connor Clifton.
15:37 of 1st period - Shot Blocked by Tarmo Reunanen.
15:43 of 1st period - Ryan Collins is hit by Alex Henriksson and loses puck.
16:25 of 1st period - Snap shot by Nick Merkley.
16:25 of 1st period - Shot Blocked by Connor Clifton.
16:27 of 1st period - Slapshot by Ryan Collins.
16:27 of 1st period - Shot Misses the Net.
16:29 of 1st period - Wrist shot by Calvin Thurkauf.
16:29 of 1st period - Stopped by Cayden Primeau with a rebound.
16:31 of 1st period - Wrist shot by Henri Ikonen.
16:31 of 1st period - Shot Blocked by Jasper Weatherby.
16:33 of 1st period - Slapshot by Tarmo Reunanen.
16:33 of 1st period - Deflect By Henri Ikonen.
16:33 of 1st period - Shot Misses the Net.
16:33 of 1st period - Puck is out of play.
16:34 of 1st period - Jacob De La Rose wins face-off versus Luke Kunin in Firebirds zone.
16:43 of 1st period - Slapshot by Jacob De La Rose.
16:43 of 1st period - Stopped by Thomas McCollum without a rebound.
16:44 of 1st period - Luke Kunin wins face-off versus Jacob De La Rose in Gulls zone.
16:55 of 1st period - Snap shot by Mikhail Maltsev.
16:55 of 1st period - Shot Misses the Net.
16:57 of 1st period - Slapshot by Jack Glover.
16:57 of 1st period - Stopped by Cayden Primeau without a rebound.
16:58 of 1st period - Luke Kunin wins face-off versus Thomas Spelling in Firebirds zone.
17:12 of 1st period - Minor Penalty to Luke Kunin for Hooking.
17:13 of 1st period - Jared McCann wins face-off versus Troy Terry in Gulls zone.
17:19 of 1st period - Wrist shot by Thomas Spelling.
17:19 of 1st period - Shot Blocked by Mikhail Maltsev.
17:21 of 1st period - Snap shot by Rostislav Olesz.
17:21 of 1st period - Shot Hit the Post.
18:17 of 1st period - Slapshot by Calvin Thurkauf.
18:17 of 1st period - Stopped by Cayden Primeau with a rebound.
19:12 of 1st period - Penalty to Luke Kunin is over, Luke Kunin is back on ice.
19:12 of 1st period - Mikko Vainonen is hit by Connor Clifton and loses puck.
19:27 of 1st period - Wrist shot by Nick Merkley.
19:27 of 1st period - Stopped by Cayden Primeau with a rebound.
Goals for this period are 0 for Firebirds vs 1 for Gulls.
Shots for this period are 12 for Firebirds vs 11 for Gulls.
2nd period
0:01 of 2nd period - Luke Kunin wins face-off versus Jacob De La Rose in neutral zone.
0:34 of 2nd period - Snap shot by Henri Ikonen.
0:34 of 2nd period - Stopped by Cayden Primeau with a rebound.
0:36 of 2nd period - Minor Penalty to Thomas Spelling for Slashing.
0:37 of 2nd period - Luke Kunin wins face-off versus Jacob De La Rose in Firebirds zone.
0:59 of 2nd period - Icing by Luke Kunin.
1:00 of 2nd period - Jacob De La Rose wins face-off versus Luke Kunin in Gulls zone.
1:01 of 2nd period - Snap shot by Rostislav Olesz.
1:01 of 2nd period - Stopped by Thomas McCollum with a rebound.
1:03 of 2nd period - Minor Penalty to Mikhail Maltsev for Roughing.
1:04 of 2nd period - Troy Terry wins face-off versus Jacob De La Rose in Gulls zone.
1:19 of 2nd period - Snap shot by Jacob De La Rose.
1:19 of 2nd period - Shot Misses the Net.
1:21 of 2nd period - Slapshot by Jakub Zboril.
1:21 of 2nd period - Stopped by Thomas McCollum without a rebound.
1:22 of 2nd period - Troy Terry wins face-off versus Jacob De La Rose in Gulls zone.
1:33 of 2nd period - Snap shot by Troy Terry.
1:33 of 2nd period - Shot Misses the Net.
2:05 of 2nd period - Snap shot by Pavel Dorofeyev.
2:05 of 2nd period - Stopped by Cayden Primeau with a rebound.
2:34 of 2nd period - Wade Allison is hit by Tarmo Reunanen and loses puck.
2:36 of 2nd period - Penalty to Thomas Spelling is over, Thomas Spelling is back on ice.
3:03 of 2nd period - Penalty to Mikhail Maltsev is over, Mikhail Maltsev is back on ice.
3:13 of 2nd period - Wrist shot by Henri Ikonen.
3:13 of 2nd period - Stopped by Cayden Primeau with a rebound.
3:24 of 2nd period - Maksim Sushko is hit by Calvin Thurkauf and loses puck.
5:24 of 2nd period - Icing by Connor Clifton.
5:25 of 2nd period - Calvin Thurkauf wins face-off versus Jasper Weatherby in Firebirds zone.
5:50 of 2nd period - Snap shot by Wade Allison.
5:50 of 2nd period - Shot Misses the Net.
5:52 of 2nd period - Slapshot by Wade Allison.
5:52 of 2nd period - Shot Misses the Net.
5:54 of 2nd period - Wrist shot by Wade Allison.
5:54 of 2nd period - Stopped by Thomas McCollum with a rebound.
6:24 of 2nd period - Snap shot by Jacob De La Rose.
6:24 of 2nd period - Stopped by Thomas McCollum without a rebound.
6:25 of 2nd period - Luke Kunin wins face-off versus Wade Allison in Gulls zone.
7:13 of 2nd period - Slapshot by Victor Mete.
7:13 of 2nd period - Stopped by Thomas McCollum with a rebound.
7:17 of 2nd period - Wrist shot by Matej Blumel.
7:17 of 2nd period - Shot Misses the Net.
7:23 of 2nd period - Snap shot by Jasper Weatherby.
7:23 of 2nd period - Stopped by Thomas McCollum without a rebound.
7:24 of 2nd period - Jacob De La Rose wins face-off versus Luke Kunin in Gulls zone.
7:29 of 2nd period - Snap shot by Troy Terry.
7:29 of 2nd period - Goal by Troy Terry - Firebirds : 0 - Gulls : 2.
7:30 of 2nd period - Luke Kunin wins face-off versus Jacob De La Rose in neutral zone.
9:10 of 2nd period - Luke Kunin is hit by Jacob De La Rose and loses puck.
9:46 of 2nd period - Minor Penalty to Zack MacEwen for Holding Stick.
9:47 of 2nd period - Troy Terry wins face-off versus Jared McCann in Gulls zone.
10:21 of 2nd period - Off-side.
10:22 of 2nd period - Jacob De La Rose wins face-off versus Luke Kunin in neutral zone.
10:27 of 2nd period - Wrist shot by Jacob De La Rose.
10:27 of 2nd period - Stopped by Thomas McCollum without a rebound.
10:28 of 2nd period - Wade Allison wins face-off versus Troy Terry in Gulls zone.
10:39 of 2nd period - Snap shot by Connor Clifton.
10:39 of 2nd period - Shot Misses the Net.
11:09 of 2nd period - Wrist shot by Thomas Spelling.
11:09 of 2nd period - Shot Misses the Net.
11:46 of 2nd period - Penalty to Zack MacEwen is over, Zack MacEwen is back on ice.
11:59 of 2nd period - Slapshot by Mikko Vainonen.
11:59 of 2nd period - Shot Misses the Net.
12:25 of 2nd period - Wrist shot by Seth Jarvis.
12:25 of 2nd period - Goal by Seth Jarvis - Firebirds : 0 - Gulls : 3.
12:26 of 2nd period - Luke Kunin wins face-off versus Jacob De La Rose in neutral zone.
12:29 of 2nd period - Jacob De La Rose is hit by Troy Terry and loses puck.
12:52 of 2nd period - Eric Robinson is hit by Zack MacEwen and loses puck.
13:09 of 2nd period - Minor Penalty to Pavel Dorofeyev for Interference.
13:10 of 2nd period - Troy Terry wins face-off versus Jared McCann in Gulls zone.
13:10 of 2nd period - Troy Terry is hit by Thomas Spelling.
13:24 of 2nd period - Snap shot by Thomas Spelling.
13:24 of 2nd period - Deflect By Jared McCann.
13:24 of 2nd period - Shot Misses the Net.
13:24 of 2nd period - Puck is out of play.
13:25 of 2nd period - Troy Terry wins face-off versus Jared McCann in Gulls zone.
15:09 of 2nd period - Penalty to Pavel Dorofeyev is over, Pavel Dorofeyev is back on ice.
15:12 of 2nd period - Snap shot by Wade Allison.
15:12 of 2nd period - Shot Blocked by Jack Glover.
15:30 of 2nd period - Snap shot by Wade Allison.
15:30 of 2nd period - Stopped by Thomas McCollum without a rebound.
15:31 of 2nd period - Garret Pilon wins face-off versus Damien Giroux in Gulls zone.
15:38 of 2nd period - Snap shot by Garret Pilon.
15:38 of 2nd period - Shot Misses the Net.
15:40 of 2nd period - Slapshot by Connor Clifton.
15:40 of 2nd period - Deflect By Garret Pilon.
15:40 of 2nd period - Goal by Garret Pilon - Firebirds : 1 - Gulls : 3.
15:41 of 2nd period - Quinton Byfield wins face-off versus Garret Pilon in neutral zone.
16:06 of 2nd period - Connor Clifton is hit by Ryan Collins and loses puck.
16:19 of 2nd period - Wrist shot by Luke Kunin.
16:19 of 2nd period - Shot Misses the Net.
16:38 of 2nd period - Minor Penalty to Markus Niemelainen for Delaying the game.
16:39 of 2nd period - Thomas Spelling wins face-off versus Mikhail Maltsev in Gulls zone.
16:40 of 2nd period - Slapshot by Victor Mete.
16:40 of 2nd period - Stopped by Thomas McCollum with a rebound.
16:42 of 2nd period - Slapshot by Jakub Zboril.
16:42 of 2nd period - Shot Blocked by Mikko Vainonen.
16:48 of 2nd period - Snap shot by Jared McCann.
16:48 of 2nd period - Stopped by Thomas McCollum with a rebound.
16:50 of 2nd period - Wrist shot by Rostislav Olesz.
16:50 of 2nd period - Stopped by Thomas McCollum without a rebound.
16:51 of 2nd period - Troy Terry wins face-off versus Jared McCann in Gulls zone.
17:06 of 2nd period - Slapshot by Jared McCann.
17:06 of 2nd period - Shot Blocked by Mikko Vainonen.
17:08 of 2nd period - Wrist shot by Victor Mete.
17:08 of 2nd period - Stopped by Thomas McCollum with a rebound.
18:38 of 2nd period - Penalty to Markus Niemelainen is over, Markus Niemelainen is back on ice.
18:46 of 2nd period - Mikhail Maltsev is hit by Garret Pilon and loses puck.
19:01 of 2nd period - Jacob Bryson is hit by Mikhail Maltsev and loses puck.
19:12 of 2nd period - Tarmo Reunanen is hit by Maksim Sushko and loses puck.
19:23 of 2nd period - Tarmo Reunanen is hit by Mac Hollowell and loses puck.
19:39 of 2nd period - Snap shot by Fredrik Olofsson.
19:39 of 2nd period - Stopped by Thomas McCollum with a rebound.
19:56 of 2nd period - Wrist shot by Mikhail Maltsev.
19:56 of 2nd period - Stopped by Cayden Primeau with a rebound.
Goals for this period are 1 for Firebirds vs 2 for Gulls.
Shots for this period are 14 for Firebirds vs 6 for Gulls.
3rd period
0:01 of 3rd period - Jacob De La Rose wins face-off versus Luke Kunin in neutral zone.
0:04 of 3rd period - Wrist shot by Jakub Zboril.
0:04 of 3rd period - Shot Misses the Net.
0:31 of 3rd period - Wrist shot by Zack MacEwen.
0:31 of 3rd period - Stopped by Cayden Primeau without a rebound.
0:32 of 3rd period - Quinton Byfield wins face-off versus Jared McCann in Firebirds zone.
0:33 of 3rd period - Snap shot by Zack MacEwen.
0:33 of 3rd period - Stopped by Cayden Primeau without a rebound.
0:34 of 3rd period - Mikhail Maltsev wins face-off versus Wade Allison in Firebirds zone.
0:35 of 3rd period - Wrist shot by Troy Terry.
0:35 of 3rd period - Stopped by Cayden Primeau with a rebound.
1:32 of 3rd period - Snap shot by Garret Pilon.
1:32 of 3rd period - Shot Blocked by Pavel Dorofeyev.
1:44 of 3rd period - Snap shot by Seth Jarvis.
1:44 of 3rd period - Shot Blocked by Dylan Coghlan.
1:50 of 3rd period - Dylan Coghlan is hit by Emil Heineman and loses puck.
2:30 of 3rd period - Snap shot by Henri Ikonen.
2:30 of 3rd period - Stopped by Cayden Primeau without a rebound.
2:31 of 3rd period - Jacob De La Rose wins face-off versus Quinton Byfield in Firebirds zone.
2:46 of 3rd period - Wrist shot by Zack MacEwen.
2:46 of 3rd period - Stopped by Cayden Primeau with a rebound.
3:12 of 3rd period - Wrist shot by Luke Kunin.
3:12 of 3rd period - Shot Blocked by Maksim Sushko.
3:22 of 3rd period - Snap shot by Seth Jarvis.
3:22 of 3rd period - Stopped by Cayden Primeau without a rebound.
3:23 of 3rd period - Jacob De La Rose wins face-off versus Damien Giroux in Firebirds zone.
3:23 of 3rd period - Jacob De La Rose is hit by Emil Heineman.
4:04 of 3rd period - Mikko Vainonen is hit by Jared McCann and loses puck.
4:15 of 3rd period - Maksim Sushko is hit by Nick Merkley and loses puck.
4:37 of 3rd period - Minor Penalty to Zack MacEwen for Boarding.
4:38 of 3rd period - Jared McCann wins face-off versus Troy Terry in Gulls zone.
4:50 of 3rd period - Snap shot by Rostislav Olesz.
4:50 of 3rd period - Deflect By Thomas Spelling.
4:50 of 3rd period - Stopped by Thomas McCollum without a rebound.
4:51 of 3rd period - Troy Terry wins face-off versus Rostislav Olesz in Gulls zone.
5:02 of 3rd period - Mikko Vainonen is hit by Rostislav Olesz and loses puck.
5:27 of 3rd period - Slapshot by Victor Mete.
5:27 of 3rd period - Stopped by Thomas McCollum with a rebound.
6:11 of 3rd period - Thomas Spelling is hit by Tarmo Reunanen and loses puck.
6:24 of 3rd period - Ryan Collins is hit by Dylan Coghlan and loses puck.
6:37 of 3rd period - Penalty to Zack MacEwen is over, Zack MacEwen is back on ice.
6:56 of 3rd period - Snap shot by Garret Pilon.
6:56 of 3rd period - Stopped by Thomas McCollum without a rebound.
6:57 of 3rd period - Damien Giroux wins face-off versus Jasper Weatherby in Gulls zone.
7:02 of 3rd period - Mac Hollowell is hit by Damien Giroux and loses puck.
7:23 of 3rd period - Quinton Byfield is hit by Fredrik Olofsson and loses puck.
7:30 of 3rd period - Snap shot by Quinton Byfield.
7:30 of 3rd period - Stopped by Cayden Primeau without a rebound.
7:31 of 3rd period - Mikhail Maltsev wins face-off versus Jacob De La Rose in Firebirds zone.
7:38 of 3rd period - Snap shot by Troy Terry.
7:38 of 3rd period - Stopped by Cayden Primeau with a rebound.
7:40 of 3rd period - Wrist shot by Troy Terry.
7:40 of 3rd period - Stopped by Cayden Primeau without a rebound.
7:41 of 3rd period - Luke Kunin wins face-off versus Jacob De La Rose in Firebirds zone.
7:58 of 3rd period - Wrist shot by Troy Terry.
7:58 of 3rd period - Shot Hit the Post.
8:00 of 3rd period - Snap shot by Mikhail Maltsev.
8:00 of 3rd period - Stopped by Cayden Primeau with a rebound.
8:02 of 3rd period - Slapshot by Mikhail Maltsev.
8:02 of 3rd period - Stopped by Cayden Primeau without a rebound.
8:03 of 3rd period - Jared McCann wins face-off versus Nick Merkley in Firebirds zone.
8:16 of 3rd period - Wrist shot by Eric Robinson.
8:16 of 3rd period - Stopped by Thomas McCollum with a rebound.
8:18 of 3rd period - Snap shot by Jared McCann.
8:18 of 3rd period - Stopped by Thomas McCollum with a rebound.
9:03 of 3rd period - Slapshot by Mikko Vainonen.
9:03 of 3rd period - Stopped by Cayden Primeau with a rebound.
9:32 of 3rd period - Eric Robinson is hit by Mason Lohrei.
9:54 of 3rd period - Backhand shot by Nick Merkley.
9:54 of 3rd period - Shot Misses the Net.
10:08 of 3rd period - Slapshot by Jakub Zboril.
10:08 of 3rd period - Shot Misses the Net.
10:14 of 3rd period - Slapshot by Pavel Dorofeyev.
10:14 of 3rd period - Deflect By Zack MacEwen.
10:14 of 3rd period - Shot Misses the Net.
10:14 of 3rd period - Puck is out of play.
10:15 of 3rd period - Garret Pilon wins face-off versus Troy Terry in Firebirds zone.
10:24 of 3rd period - Slapshot by Troy Terry.
10:24 of 3rd period - Goal by Troy Terry - Firebirds : 1 - Gulls : 4.
10:25 of 3rd period - Jacob De La Rose wins face-off versus Luke Kunin in neutral zone.
10:32 of 3rd period - Slapshot by Victor Mete.
10:32 of 3rd period - Deflect By Rostislav Olesz.
10:32 of 3rd period - Stopped by Thomas McCollum with a rebound.
10:34 of 3rd period - Wrist shot by Jacob De La Rose.
10:34 of 3rd period - Shot Misses the Net.
11:30 of 3rd period - Matej Blumel is hit by Quinton Byfield and loses puck.
11:41 of 3rd period - Markus Niemelainen is hit by Jacob De La Rose and loses puck.
11:59 of 3rd period - Off-side.
12:00 of 3rd period - Luke Kunin wins face-off versus Garret Pilon in neutral zone.
12:03 of 3rd period - Slapshot by Jack Glover.
12:03 of 3rd period - Stopped by Cayden Primeau without a rebound.
12:04 of 3rd period - Troy Terry wins face-off versus Garret Pilon in Firebirds zone.
12:23 of 3rd period - Wrist shot by Mikhail Maltsev.
12:23 of 3rd period - Shot Blocked by Maksim Sushko.
12:46 of 3rd period - Off-side.
12:47 of 3rd period - Jacob De La Rose wins face-off versus Calvin Thurkauf in neutral zone.
14:20 of 3rd period - Mac Hollowell is hit by Henri Ikonen and loses puck.
14:41 of 3rd period - Slapshot by Zack MacEwen.
14:41 of 3rd period - Stopped by Cayden Primeau without a rebound.
14:42 of 3rd period - Jared McCann wins face-off versus Quinton Byfield in Firebirds zone.
15:09 of 3rd period - Mikko Vainonen is hit by Eric Robinson and loses puck.
15:51 of 3rd period - Jacob Bryson is hit by Quinton Byfield and loses puck.
16:35 of 3rd period - Wrist shot by Thomas Spelling.
16:35 of 3rd period - Stopped by Thomas McCollum with a rebound.
16:37 of 3rd period - Slapshot by Jacob Bryson.
16:37 of 3rd period - Shot Misses the Net.
16:39 of 3rd period - Wrist shot by Rostislav Olesz.
16:39 of 3rd period - Goal by Rostislav Olesz - Firebirds : 2 - Gulls : 4.
16:40 of 3rd period - Quinton Byfield wins face-off versus Jacob De La Rose in neutral zone.
16:47 of 3rd period - Wrist shot by Zack MacEwen.
16:47 of 3rd period - Shot Misses the Net.
17:07 of 3rd period - Maksim Sushko is hit by Luke Kunin and loses puck.
17:14 of 3rd period - Slapshot by Luke Kunin.
17:14 of 3rd period - Goal by Luke Kunin - Firebirds : 2 - Gulls : 5.
17:15 of 3rd period - Jacob De La Rose wins face-off versus Luke Kunin in neutral zone.
17:40 of 3rd period - Mikko Vainonen is hit by Jakub Zboril and loses puck.
18:05 of 3rd period - Slapshot by Victor Mete.
18:05 of 3rd period - Deflect By Nick Merkley.
18:05 of 3rd period - Stopped by Thomas McCollum without a rebound.
18:06 of 3rd period - Luke Kunin wins face-off versus Jasper Weatherby in Gulls zone.
18:17 of 3rd period - Slapshot by Victor Mete.
18:17 of 3rd period - Deflect By Matej Blumel.
18:17 of 3rd period - Shot Misses the Net.
18:17 of 3rd period - Puck is out of play.
18:18 of 3rd period - Luke Kunin wins face-off versus Jacob De La Rose in Gulls zone.
18:25 of 3rd period - Troy Terry is hit by Thomas Spelling.
18:47 of 3rd period - Slapshot by Jared McCann.
18:47 of 3rd period - Shot Misses the Net.
18:49 of 3rd period - Wrist shot by Eric Robinson.
18:49 of 3rd period - Stopped by Thomas McCollum without a rebound.
18:50 of 3rd period - Nick Merkley wins face-off versus Jared McCann in Gulls zone.
19:17 of 3rd period - Jack Glover is hit by Jacob De La Rose and loses puck.
19:40 of 3rd period - Connor Clifton is hit by Seth Jarvis and loses puck.
19:59 of 3rd period - Minor Penalty to Markus Niemelainen for High sticking.
Goals for this period are 1 for Firebirds vs 2 for Gulls.
Shots for this period are 10 for Firebirds vs 16 for Gulls.